 Dungeon Crawl Stone Soup version 0.17-a0-1920-gafa4d75 (webtiles) character file.

124 dpvblackbelt the Chucker (level 5, -1/50 HPs)
             Began as an Ogre Hunter on Sept 27, 2015.
             Slain by a gnoll
             ... wielding a +0 spear
              (2 damage)
             ... on level 3 of the Dungeon.
             The game lasted 00:09:12 (2912 turns).

dpvblackbelt the Chucker (Ogre Hunter)              Turns: 2912, Time: 00:09:12

Health: -1/50      AC:  3    Str: 17    XL:     5   Next: 8%
Magic:  5/5        EV: 10    Int: 15    God:
Gold:   154        SH:  0    Dex: 11    Spells: 0 memorised, 4 levels left

rFire  . . .     SeeInvis .     t - +0 battleaxe
rCold  . . .     Clarity  .     d - +0 robe
rNeg   . . .     SustAt   .     (no shield)
rPois  .         Gourm    .     (helmet restricted)
rElec  .         Spirit   .     (no cloak)
rCorr  .         Warding  .     (gloves unavailable)
rMut   .         Stasis   .     (boots unavailable)
MR     .....                    (no amulet)
Stlth  +.........               (no ring)
                                (no ring)

@: brilliant, flying, not resistant to hostile enchantments, very unstealthy
A: unfitting armour, tough skin 1
a: no special abilities


You were on level 3 of the Dungeon.
You were full.

You visited 1 branch of the dungeon, and saw 3 of its levels.

You collected 154 gold pieces.

Inventory:

Hand weapons
 t - a +0 battleaxe (weapon)
   (You found it on level 2 of the Dungeon)
Missiles
 a - 106 stones (quivered)
 b - 2 throwing nets {=f, !d}
 q - 3 curare-tipped needles
Armour
 d - a +0 robe (worn)
Scrolls
 c - a scroll of noise {unknown}
 i - 3 scrolls of magic mapping {unknown}
 j - 3 scrolls of remove curse {unknown}
 l - 2 scrolls of recharging {unknown}
 s - a scroll of enchant weapon {unknown}
Potions
 g - a potion of curing
 h - a potion of flight
 n - a potion of might {unknown}
Comestibles
 m - 2 fruits
 r - 2 bread rations {@e1@e1}


   Skills:
 - Level 2.6 Fighting
 + Level 6.8 Throwing
 - Level 1.7 Dodging
 - Level 0.7 Stealth


You had 4 spell levels left.
You didn't know any spells.

Dungeon Overview and Level Annotations

Branches:
Dungeon (3/15)

Altars:
Zin


Innate Abilities, Weirdness & Mutations

You are too large for most types of armour.
You have tough skin (AC +1).


Message History

There is a stone staircase leading down here.
You climb downwards.
There is a stone staircase leading up here.
Found a stone staircase leading up.
Found a stone staircase leading down.
a - 109 stones (gained 24)
j - 3 scrolls labeled WARESHAUSO (gained 1)
You now have 154 gold pieces (gained 6).
r - 2 bread rations {@e1@e1} (gained 1)
Found an escape hatch in the ceiling.
You see here 13 arrows.
You see here 25 sling bullets.
An adder comes into view.
An adder is nearby!
Aim: an adder You throw a large rock {!d}.
The large rock {!d} hits the adder!
Okay, then.
Unknown command.
Aim: an adder (heavily wounded)
You throw a large rock {!d}. The large rock {!d} hits the adder!!
You kill the adder!
Okay, then.
Unknown command.
You see here 25 sling bullets.
k - 3 large rocks {!d} (gained 1)
You see here an adder corpse.
k - 4 large rocks {!d} (gained 1)
c - a scroll labeled ZYODIU DI DET
Found a stone staircase leading down.
A kobold comes into view.
A kobold is nearby!
Aim: a kobold (resting)
You throw a large rock {!d}. The large rock {!d} hits the kobold!!
You kill the kobold! 2 gnolls come into view.
The gnoll shouts! x2
You hear a shout!
There are monsters nearby!
There are monsters nearby!
Aim: a gnoll You throw a large rock {!d}.
The large rock {!d} hits the gnoll!
Aim: a gnoll (heavily wounded)
You throw a large rock {!d}.
The large rock {!d} closely misses the gnoll.
The gnoll hits you.
You take 4 damage, and have 40/44 hp.
Aim: a gnoll (heavily wounded)
You throw a large rock {!d}. The large rock {!d} hits the gnoll!!
You kill the gnoll!
You have reached level 5!
You hear a shout!
You regained 5 hp, and now have 45/50 hp.
MP restored: 5
Aim: a gnoll, wielding a whip You throw a stone.
The stone closely misses the gnoll.
The gnoll hits you with a whip.
You take 1 damage, and have 44/50 hp.
Aim: a gnoll, wielding a whip You throw a stone.
The stone hits the gnoll.
The gnoll hits you with a whip!
You take 8 damage, and have 36/50 hp.
Unknown command.
Aim: a gnoll, wielding a whip (moderately wounded)
You throw a stone. The stone hits the gnoll.
You hit the gnoll but do no damage. The gnoll hits you with a whip.
The gnoll completely misses you.
A gnoll comes into view. It is wielding a spear.
You take 6 damage, and have 30/50 hp.
You are too injured to fight recklessly!
You are too injured to fight recklessly!
You barely miss the gnoll. The gnoll hits you but does no damage.
The gnoll hits you from afar with a spear.
The gnoll barely misses you.
You take 1 damage, and have 29/50 hp.
You hit the gnoll but do no damage. The gnoll closely misses you.
The gnoll hits you with a whip.
The gnoll hits you from afar with a spear!
You take 10 damage, and have 19/50 hp.
You hit the gnoll but do no damage. The gnoll hits you with a whip.
The gnoll barely misses you. The gnoll closely misses you.
You take 2 damage, and have 17/50 hp.
You closely miss the gnoll.
The gnoll hits you from afar with a spear.
* * * LOW HITPOINT WARNING * * *
The gnoll closely misses you.
The gnoll hits you from afar with a spear!
* * * LOW HITPOINT WARNING * * *
The gnoll hits you with a whip.
* * * LOW HITPOINT WARNING * * *
You take 16 damage, and have 1/50 hp.
MASSIVE DAMAGE!!
Drink which item? (? for menu, Esc to quit)
It was a potion of flight.
You feel very buoyant.
You fly up into the air.
The gnoll hits you but does no damage.
Drink which item? (? for menu, Esc to quit)
It was a potion of brilliance.
You feel clever all of a sudden. The gnoll barely misses you.
The gnoll hits you from afar with a spear.
You die...

## ## . .## .#>. ##
... .. #.###
#(#######...#
#(gg@.....#.#
#########.#.# #.#.#
#.#.# ###
#############.#.#
.................#.#
# #.#.#######.......#
#. ...........#######
#..###.#####.........


You could see 2 gnolls.

Vanquished Creatures
  A gnoll (D:3)
  5 adders
  An ooze (D:2)
  2 worms (D:2)
  A giant gecko (D:2)
  A ball python (D:1)
  6 bats
  8 goblins
  12 hobgoblins
  4 giant newts
  10 kobolds
  A quokka (D:2)
  6 rats
  2 fungi (D:2)
60 creatures vanquished.

Notes
Turn   | Place    | Note
--------------------------------------------------------------
     0 | D:1      | dpvblackbelt the Ogre Hunter began the quest for the Orb.
     0 | D:1      | Reached XP level 1. HP: 22/22 MP: 1/1
    15 | D:1      | HP: 5/22 [hobgoblin/club (6)]
   584 | D:1      | Reached XP level 2. HP: 29/29 MP: 2/2
   648 | D:1      | Reached skill level 5 in Throwing
   986 | D:1      | Reached XP level 3. HP: 34/36 MP: 3/3
  1293 | D:1      | HP: 9/36 [poisoned by an adder]
  1299 | D:1      | HP: 6/36 [poisoned by an adder]
  1304 | D:1      | HP: 5/36 [poisoned by an adder]
  1311 | D:1      | HP: 4/36 [poisoned by an adder]
  1319 | D:1      | HP: 2/36 [poisoned by an adder]
  1701 | D:2      | Reached skill level 6 in Throwing
  1701 | D:2      | Reached XP level 4. HP: 39/44 MP: 4/4
  2037 | D:2      | Found a faded altar to an unknown god.
  2154 | D:2      | HP: 9/44 [adder (3)]
  2157 | D:2      | HP: 4/44 [poisoned by an adder]
  2162 | D:2      | HP: 4/44 [adder (4)]
  2557 | D:2      | Found a glowing silver altar of Zin.
  2901 | D:3      | Reached XP level 5. HP: 45/50 MP: 5/5
  2910 | D:3      | HP: 12/50 [gnoll/spear (6)]
  2910 | D:3      | HP: 5/50 [gnoll/spear (7)]
  2910 | D:3      | HP: 1/50 [gnoll/whip (4)]
  2912 | D:3      | Slain by a gnoll

Vault maps used:
D:1:      roderic_chinese_lattice_arrival
D:2:      ecumenical_altar_2, nrook_loot_triangle, minmay_gold_behind_fungi,
          minmay_misc_feat_roman, kennysheep_flooded_box, grunt_decor_cap
D:3:      first_bread, tso_altar

Action                   |  1- 3 |  4- 6 || total
-------------------------+-------+-------++-------
Melee: Short sword       |    75 |    66 ||   141
       Battleaxe         |       |     5 ||     5
Throw: Large rock        |    19 |    30 ||    49
       Stone             |    52 |    34 ||    86
  Use: Potion            |       |     4 ||     4
 Stab: Sleeping          |     1 |       ||     1
  Eat: Meat ration       |     1 |       ||     1
       Beef jerky        |     1 |       ||     1
       Chunk             |     1 |       ||     1
       Bread ration      |       |     1 ||     1

Vault maps used:
D:1:      roderic_chinese_lattice_arrival
D:2:      ecumenical_altar_2, nrook_loot_triangle, minmay_gold_behind_fungi,
          minmay_misc_feat_roman, kennysheep_flooded_box, grunt_decor_cap
D:3:      first_bread, tso_altar

Table legend:
 A = Turns spent in this place as a percentage of turns spent in the entire game.
 B = Non-inter-level travel turns spent in this place as a percentage of non-inter-level travel turns spent in the entire game.
 C = Inter-level travel turns spent in this place as a percentage of turns spent in this place.
 D = Turns resting spent in this place as a percentage of non-inter-level travel turns spent in this place.
 E = Turns spent auto-exploring this place as a percentage of non-inter-level travel turns spent in this place.
 F = Non-inter-level travel turns spent in this place divided by the number of levels of this place that you've seen.
                   A       B       C       D       E      F
               +-------+-------+-------+-------+-------+----------------------
         Total | 100.0 | 100.0 |   0.4 |   1.8 |   9.4 | 263.0
       Dungeon | 100.0 | 100.0 |   0.4 |   1.8 |   9.4 | 263.0
               +-------+-------+-------+-------+-------+----------------------

Table legend:
 A = Kills in this place as a percentage of kills in entire the game.
 B = Kills by you in this place as a percentage of kills by you in the entire game.
 C = Kills by friends in this place as a percentage of kills by friends in the entire game.
 D = Other kills in this place as a percentage of other kills in the entire game.
 E = Experience gained in this place as a percentage of experience gained in the entire game.
 F = Experience gained in this place divided by the number of levels of this place that you have seen.
                   A       B       C       D       E      F
               +-------+-------+-------+-------+-------+----------------------
         Total | 100.0 | 100.0 |  -nan |  -nan | 100.0 |  59.3
       Dungeon | 100.0 | 100.0 |  -nan |  -nan | 100.0 |  59.3
               +-------+-------+-------+-------+-------+----------------------
